Map: Fear and Faith LE

Players

GhostRobo - Winner!

  • Race: Terran Terran
  • League: Silver
  • Spawn Location: 5:00

Vidar

  • Race: Protoss Protoss
  • League: Gold
  • Spawn Location: 7:00

VOD

Have the link to the VOD?

Description

Time

  • Played on: July 14, 2026, 8:56 a.m.
  • Length: 16:10
Show
View Real Time Build Order
Export as new Build Order

GhostRobo Terran - Winner!

Build Orders: Reaper Expand 

Get SALT Encoding   

  8  0:00  SCV  
  9  0:12  SCV  
  10  0:24  SCV  
  11  0:28  Supply Depot  
  11  0:36  SCV  
  12  0:49  SCV  
  13  0:56  Barracks  
  13  1:05  Refinery  
  13  1:11  SCV  
  14  1:23  SCV  
  15  1:35  SCV  
  16  1:48  Orbital Command  
  16  1:50  Reaper  
  17  2:11  Command Center  
  17  2:16  SCV  
  18  2:24  Marine  
  19  2:32  SCV  
  20  2:40  Supply Depot  
  20  2:45  Factory  
  20  2:46  Barracks Reactor  
  20  2:50  SCV  
  21  3:03  SCV  
  22  3:15  Supply Depot, SCV  
  23  3:22  Marine  
  23  3:23  Marine  
  25  3:28  Refinery  
  25  3:32  SCV  
  25  3:44  SCV  
  26  3:51  Marine x2  
  26  3:53  Orbital Command  
  28  3:56  Factory Tech Lab, SCV  
  29  4:08  SCV  
  29  4:09  Marine  
  31  4:15  Starport, Supply Depot  
  31  4:20  SCV  
  32  4:27  SCV  
  32  4:29  Marine x2  
  35  4:32  Cyclone, SCV  
  39  4:39  SCV  
  39  4:41  Supply Depot  
  39  4:44  SCV  
  41  4:47  Marine  
  41  4:51  SCV  
  43  4:56  Barracks  
  43  4:59  Starport Tech Lab  
  43  5:04  Barracks  
  43  5:05  Marine x2  
  45  5:10  Siege Tank  
  48  5:23  Marine x2  
  48  5:26  Raven  
  52  5:31  SCV  
  52  5:32  SCV  
  52  5:34  Supply Depot  
  54  5:41  Marine x2  
  56  5:42  Marine  
  56  5:44  SCV x2  
  59  5:51  Engineering Bay  
  59  5:55  Engineering Bay  
  59  5:56  SCV  
  60  5:59  Marine  
  60  6:02  Barracks Reactor  
  60  6:10  SCV x2, Starport Reactor  
  62  6:15  Command Center  
  62  6:19  Marine x2  
  62  6:22  SCV  
  65  6:28  Stimpack  
  65  6:31  Terran Infantry Weapons Level 1, Terran Infantry Armor Level 1  
  65  6:36  Marine  
  65  6:37  Marine  
  67  6:54  Marauder  
  67  6:58  Missile Turret x2  
  67  6:59  Missile Turret  
  67  7:01  Missile Turret x2  
  69  7:04  SCV x2  
  69  7:06  Missile Turret  
  71  7:11  Refinery  
  71  7:14  Medivac  
  71  7:15  Refinery  
  73  7:16  SCV  
  74  7:26  Medivac  
  74  7:27  Marauder  
  78  7:30  Supply Depot  
  78  7:32  Orbital Command  
  78  7:37  Marine x2  
  80  7:47  Marine x2  
  80  7:48  Marauder  
  84  7:53  Supply Depot  
  84  7:54  Barracks, Marine  
  84  7:56  Barracks  
  85  7:59  Orbital Command  
  85  8:00  Marine  
  85  8:01  Siege Tank  
  85  8:04  Viking, Marine  
  85  8:05  Marine  
  93  8:09  Marauder  
  95  8:14  Marine  
  96  8:21  Supply Depot, Marine  
  96  8:22  Marine x2  
  96  8:26  Supply Depot  
  99  8:31  Marauder  
  99  8:32  Marine, Supply Depot  
  102  8:39  Reaper  
  103  8:43  SCV x3  
  106  8:48  Supply Depot  
  106  8:49  Supply Depot x2  
  106  8:55  Armory, SCV  
  107  8:56  Marine  
  107  8:57  Marine x4  
  107  8:59  Viking  
  114  9:20  Barracks Reactor x2  
  113  9:36  Viking  
  113  9:37  Viking  
  106  9:44  Marine  
  106  9:45  Marine x4  
  95  10:02  SCV x3, Marine x3  
  95  10:03  Marine x2  
  95  10:06  Viking  
  86  10:07  Viking  
  105  10:14  Starport, SCV  
  108  10:17  Missile Turret x2  
  108  10:18  Terran Infantry Weapons Level 2, Terran Infantry Armor Level 2  
  108  10:20  Marine x5  
  113  10:25  Terran Ship Weapons Level 1  
  113  10:26  Marine x4  
  117  10:36  Viking  
  117  10:37  Viking  
  117  10:38  Marine x4  
  117  10:41  Marine  
  126  10:46  Command Center  
  126  11:01  Marine  
  122  11:06  Viking  
  122  11:07  Viking  
  109  11:15  Marine x8  
  109  11:17  Siege Tank  
  114  11:19  Marine  
  114  11:21  SCV  
  116  11:33  Marine x3  
  116  11:36  Medivac  
  116  11:37  Medivac  
  123  11:47  SCV  
  123  11:48  SCV x2  
  123  11:49  Siege Tank  
  123  11:52  Refinery  
  129  11:57  Refinery  
  129  12:00  SCV x3  
  132  12:05  Starport Reactor  
  132  12:06  Viking x2  
  136  12:12  SCV x3  
  133  12:25  Missile Turret, Planetary Fortress  
  133  12:36  Viking x2  
  137  12:45  Missile Turret  
  137  12:46  Reaper  
  137  12:49  SCV x3  
  141  13:01  SCV x3  
  144  13:06  Viking x2  
  148  13:13  SCV  
  147  13:27  Terran Infantry Weapons Level 3  
  147  13:28  Terran Infantry Armor Level 3  
  147  13:31  Terran Ship Weapons Level 2  
  147  13:36  Viking x2  
  151  13:41  Starport  
  151  13:43  Starport  
  151  13:45  Marine x6  
  151  13:47  Thor  
  163  14:08  SCV  
  164  14:19  Missile Turret  
  164  14:21  SCV  
  163  14:30  Thor  
  153  14:42  Missile Turret  
  132  15:13  Missile Turret  
  132  15:15  Missile Turret  
  132  15:17  Missile Turret  
  132  15:19  Missile Turret  
  126  15:21  Missile Turret  
  126  15:22  Missile Turret  
  112  15:42  Marine x5  
  115  15:48  Marine  
  116  15:54  Factory  
  112  16:07  Missile Turret  
  112  16:09  Missile Turret  
Show
View Real Time Build Order
Export as new Build Order

Vidar Protoss 

Build Orders:  

Get SALT Encoding   

  8  0:03  Probe (Chrono Boost)  
  9  0:13  Probe (Chrono Boost)  
  10  0:18  Probe (Chrono Boost)  
  11  0:29  Probe  
  12  0:41  Probe  
  13  0:45  Pylon  
  13  1:07  Probe (Chrono Boost)  
  14  1:17  Probe (Chrono Boost)  
  15  1:20  Forge  
  15  1:22  Probe (Chrono Boost)  
  16  1:33  Probe, Assimilator  
  16  1:38  Assimilator  
  17  1:43  Gateway  
  17  1:45  Probe  
  18  2:00  Photon Cannon  
  18  2:03  Probe (Chrono Boost)  
  19  2:15  Probe (Chrono Boost)  
  20  2:20  Probe (Chrono Boost)  
  21  2:23  Pylon  
  21  2:34  Cybernetics Core  
  21  2:39  Photon Cannon  
  21  2:41  Probe  
  22  2:53  Pylon, Probe  
  23  3:15  Stargate x2  
  23  3:21  Stargate  
  23  3:55  Nexus  
  23  3:58  Void Ray (Chrono Boost)  
  27  4:09  Void Ray (Chrono Boost)  
  31  4:21  Probe  
  32  4:33  Probe  
  33  4:38  Photon Cannon  
  33  4:45  Probe  
  34  4:57  Probe  
  35  5:06  Void Ray  
  39  5:09  Probe  
  39  5:12  Pylon  
  40  5:22  Probe (Chrono Boost)  
  40  5:24  Pylon  
  40  5:28  Pylon  
  41  5:33  Probe (Chrono Boost)  
  42  5:38  Probe (Chrono Boost)  
  43  5:45  Pylon  
  43  5:47  Pylon  
  43  5:48  Probe  
  44  6:00  Probe  
  44  6:02  Photon Cannon  
  45  6:05  Photon Cannon  
  45  6:24  Void Ray x2 (Chrono Boost), Photon Cannon  
  45  6:26  Photon Cannon  
  53  6:33  Protoss Air Weapons Level 1  
  53  6:36  Protoss Shields Level 1  
  53  6:55  Stargate  
  53  6:59  Assimilator  
  53  7:00  Probe  
  53  7:01  Probe (Chrono Boost)  
  55  7:03  Assimilator  
  55  7:13  Probe (Chrono Boost)  
  57  7:18  Probe (Chrono Boost)  
  57  7:22  Probe (Chrono Boost), Stargate  
  58  7:26  Probe (Chrono Boost)  
  58  7:27  Probe  
  60  7:36  Probe  
  61  7:39  Probe  
  62  7:48  Probe  
  63  8:03  Fleet Beacon  
  63  8:36  Nexus  
  63  8:40  Assimilator  
  63  8:42  Assimilator, Shield Battery, Pylon  
  63  8:44  Shield Battery  
  63  8:45  Pylon  
  63  8:46  Photon Cannon, Flux Vanes  
  63  8:47  Pylon  
  63  8:48  Photon Cannon  
  63  8:53  Protoss Air Armor Level 1  
  63  8:55  Void Ray x2 (Chrono Boost)  
  63  9:02  Twilight Council, Cybernetics Core  
  71  9:24  Robotics Facility  
  71  9:33  Void Ray x2  
  77  9:56  Protoss Air Weapons Level 2  
  77  10:04  Probe  
  77  10:05  Probe x2  
  80  10:12  Protoss Shields Level 2  
  80  10:13  Observer  
  81  10:16  Probe  
  81  10:17  Probe x2  
  84  10:28  Probe  
  84  10:29  Probe x2  
  84  10:31  Observer  
  88  10:49  Observer  
  88  10:59  Void Ray x2 (Chrono Boost)  
  96  11:09  Void Ray x2 (Chrono Boost)  
  62  11:37  Void Ray x2 (Chrono Boost)  
  69  12:05  Void Ray  
  69  12:06  Void Ray  
  73  12:36  Void Ray x2  
  81  13:09  Void Ray x2  
  85  13:50  Dark Shrine  
  85  13:57  Gateway  
  85  13:58  Gateway  
  85  14:02  Gateway  
  85  14:03  Gateway  
  85  14:04  Gateway  
  85  14:05  Gateway  
  85  14:37  Void Ray  
  85  14:38  Void Ray  
Tags
 
Add a new tag
Caveats
  • Supply blocks, unpowered buildings, or Contaminate may cause inaccurate times.
  • Supply counts are checked every 10 seconds.